 Dungeon Crawl Stone Soup version 0.24.0-2-g5b39cebb1c (webtiles) character file.

Game seed: 9345599695320116807, levelgen mode: deterministic

199 Katsumi the Transmogrifier (level 5, 0/24 HPs)
             Began as a Felid Transmuter on Oct 29, 2019.
             Slain by a leopard gecko zombie (1 damage)
             ... on level 6 of the Dungeon.
             The game lasted 00:09:26 (9647 turns).

Katsumi the Transmogrifier (Felid Transmuter)       Turns: 9647, Time: 00:09:26

Health: 0/24       AC:  2    Str:  6    XL:     5   Next: 48%
Magic:  10/10      EV: 18    Int: 21    God:
Gold:   171        SH:  0    Dex: 16    Spells: 2/10 levels left
                                        Lives:  0   Deaths: 2

rFire    . . .     SeeInvis +     - Unarmed
rCold    . . .     Gourm    .   (shield unavailable)
rNeg     . . .     Faith    .   (armour unavailable)
rPois    .         Spirit   .   (helmet unavailable)
rElec    .         Reflect  .   (cloak unavailable)
rCorr    .         Harm     .   (gloves unavailable)
MR       .....                  (boots unavailable)
Stlth    ++........             (no amulet)
HPRegen  0.08/turn              i - +4 ring of intelligence
MPRegen  0.12/turn              (no ring)

@: quick
A: very small, no armour, no weapons or thrown items, stealth, claws 1, fangs 3,
see invisible, carnivore, speed 1, shaggy fur 2, slow metabolism 1, sharp paws
a: no special abilities


You were on level 6 of the Dungeon.
You were not hungry.

You visited 1 branch of the dungeon, and saw 6 of its levels.

You collected 171 gold pieces.

Inventory:

Missiles
 a - 39 arrows
Jewellery
 i - a +4 ring of intelligence (left paw)
Wands
 k - a wand of paralysis (4)
 n - a wand of acid (8)
 r - a wand of random effects (17)
Scrolls
 b - a scroll of blinking
 e - a scroll of random uselessness {unknown}
 f - a scroll of amnesia {unknown}
 j - a scroll of noise {unknown}
 l - a scroll of immolation
 o - 2 scrolls of teleportation
 s - a scroll of fear {unknown}
 t - 2 scrolls of remove curse {unknown}
 v - a scroll of fog {unknown}
Potions
 d - a potion of berserk rage {unknown}
 g - a potion of haste {unknown}
 h - 2 potions of curing
 m - a potion of magic {unknown}
 p - a potion of might {unknown}
 q - 2 potions of heal wounds
 u - a potion of resistance
Comestibles
 c - 7 rations


   Skills:
 - Level 3.0 Fighting
 - Level 2.6 Dodging
 - Level 3.0 Unarmed Combat
 - Level 3.0 Spellcasting
 + Level 8.3 Transmutations


You had 2 spell levels left.
You knew the following spells:

 Your Spells              Type           Power        Failure   Level  Hunger
a - Beastly Appendage     Tmut           #####.       1%          1    None
b - Sticks to Snakes      Tmut           #####...     1%          2    ##.....
c - Blade Hands           Tmut           #####.....   12%         5    ######.

Your spell library contained the following spells:

 Spells                   Type           Power        Failure   Level  Hunger
 Spider Form              Tmut/Pois      ###.......   7%          3    ###....
 Ice Form                 Ice/Tmut       ###.....     24%         4    ####...


Dungeon Overview and Level Annotations

Branches:
Dungeon (6/15)             Temple (0/1) D:6

Altars:
Kikubaaqudgha
Makhleb
Trog
Wu Jian
Zin
The Shining One


Innate Abilities, Weirdness & Mutations

You cannot wear armour.
You are incapable of wielding weapons or throwing items.
Your paws allow you to move quietly. (Stealth)
You have sharp claws.
You have razor-sharp teeth.
You have supernaturally acute eyesight. (SInv)
You are carnivorous and can eat meat at any time.
You cover ground quickly.
You are covered in thick fur. (AC +2)
You have a slow metabolism.
Your sharp claws are effective at attacking unaware monsters.


Message History

The crimson imp closely misses you. The leopard gecko zombie misses you.
The crimson imp blinks!
The leopard gecko zombie closely misses you.
The crimson imp blinks!
The leopard gecko zombie barely misses you.
The leopard gecko zombie barely misses you.
The leopard gecko zombie completely misses you.
The leopard gecko zombie barely misses you.
The leopard gecko zombie misses you. The crimson imp puffs mist at you.
The leopard gecko zombie completely misses you.
The crimson imp blinks!
The leopard gecko zombie bites you.
* * * LOW HITPOINT WARNING * * *
The leopard gecko zombie barely misses you.
The leopard gecko zombie misses you. The leopard gecko zombie bites you.
* * * LOW HITPOINT WARNING * * *
The leopard gecko zombie misses you.
The crimson imp blinks!
The leopard gecko zombie bites you.
You die...

#............#.#...#
####.#####....... ..
#.# #.#.# #.. § #.#
#.#.# #.#
≈§§≈##.#####.#.# .#
≈>≈≈§.......5.... #
≈§≈§≈.#######.#.#
§§≈≈.. ###Z#.# ≈≈§..
##..@§.# ..#..
##......## . ##
#......<....
#...###......
..............##..#
########.###### .#
#.# # ## #.# .###
#..


You could see a crimson imp and a leopard gecko zombie.

Vanquished Creatures
  An ice beast (D:5)
  A scorpion (D:5)
  A hound (D:5)
  2 bullfrog skeletons (D:5)
  3 orc priests
  3 orc wizards
  A gnoll shaman (D:5)
  An iguana (D:6)
  3 worker ants
  3 gnolls (D:5)
  5 adders
  6 worms
  2 dart slugs
  5 leopard geckos
  16 orcs
  2 giant cockroaches
  10 goblins
  4 hobgoblins
  5 jackals
  5 quokkas
  A ball python (D:3)
  3 bats
  6 frilled lizards
  4 kobolds
  A quokka zombie (D:5)
  11 rats
  3 rat zombies (D:5)
108 creatures vanquished.

Vanquished Creatures (collateral kills)
  An orc wizard (D:4)
  An adder (D:4)
  A dart slug (D:2)
  An orc (D:4)
  A kobold (D:3)
5 creatures vanquished.

Vanquished Creatures (others)
  A bush (D:6)
1 creature vanquished.

Grand Total: 114 creatures vanquished

Notes
Turn   | Place    | Note
-------+----------+-------------------------------------------
     0 | D:1      | Katsumi the Felid Transmuter began the quest for the Orb.
     0 | D:1      | Reached XP level 1. HP: 9/9 MP: 4/4
   289 | D:1      | Reached XP level 2. HP: 12/13 MP: 4/6
   645 | D:1      | Learned a level 2 spell: Sticks to Snakes
  1141 | D:1      | You fall into a shaft and drop 1 floor!
  1171 | D:2      | Reached XP level 3. HP: 17/17 MP: 2/7
  2103 | D:2      | Reached skill level 3 in Transmutations
  2569 | D:3      | Reached XP level 4. HP: 21/21 MP: 6/8
  3293 | D:3      | Found a faded altar of an unknown god.
  3581 | D:3      | Reached skill level 4 in Transmutations
  3681 | D:3      | Noticed a moth of wrath
  3684 | D:3      | Found a bloodstained altar of Trog.
  5147 | D:4      | Reached XP level 5. HP: 3/24 MP: 2/9
  5466 | D:4      | Reached skill level 5 in Transmutations
  5753 | D:4      | Found a glowing silver altar of Zin.
  6157 | D:4      | Learned a level 5 spell: Blade Hands
  6172 | D:4      | Reached skill level 6 in Transmutations
  6944 | D:4      | Found a glowing golden altar of the Shining One.
  7077 | D:5      | Entered Level 5 of the Dungeon
  7140 | D:5      | Noticed an ice beast
  7542 | D:5      | Gained mutation: You are covered in thick fur. (AC +2)
                  | [Felid growth]
  7542 | D:5      | Reached XP level 6. HP: 24/28 MP: 8/10
  7592 | D:5      | Found an ancient bone altar of Kikubaaqudgha.
  7610 | D:5      | Killed an ice beast
  8364 | D:5      | Reached skill level 7 in Transmutations
  8484 | D:5      | Reached XP level 7. HP: 30/31 MP: 6/12
  9072 | D:5      | Reached skill level 8 in Transmutations
  9412 | D:6      | Slain by a centaur
  9413 | D:6      | Reached XP level 6. HP: -1/28 MP: 7/11
  9413 | D:6      | Found a staircase to the Ecumenical Temple.
  9413 | D:6      | Found a burning altar of Makhleb.
  9446 | D:6      | Found an ornate altar of the Wu Jian Council.
  9574 | D:6      | Slain by a leopard gecko zombie
  9575 | D:6      | Reached XP level 5. HP: 0/24 MP: 10/10
  9645 | D:6      | HP: 1/24 [leopard gecko zombie (3)]
  9647 | D:6      | Slain by a leopard gecko zombie

Levels and vault maps discovered:
D:1:      dpeg_arrival_rooms_with_view, layout_rooms
D:2:      layout_basic
D:3:      minmay_wonky_spiral, layout_loops_corners, tgw_trog, first_ration,
          chequers_ecumenical_altar_simple_redux
D:4:      layout_gridville, tso_altar, zin_statuary
D:5:      layout_rooms, lemuel_zombie_altar_kikubaaqudgha
D:6:      layout_loops_ring, fedhas_bush_and_centaur_altar, old_standard_altar,
          bloody_makhleb, nicolae_dithmenos_through_a_glass_darkly,
          overflow_temple_1_default, minmay_temple_entry_mist,
          gammafunk_ghost_hive

Skill      XL: |  1  2  3  4  5  6  7 |
---------------+----------------------+-----
Fighting       | 2 3 |  3.0
Transmutations | 3 4 6 7 8 |  8.3
Spellcasting   | 3 |  3.0
Dodging        | |  2.6
Unarmed Combat | |  3.0

Action                   |  1- 3 |  4- 6 |  7- 9 || total
-------------------------+-------+-------+-------++-------
Melee: Unarmed           |   104 |   240 |    50 ||   394
       Headbutt          |    12 |    30 |       ||    42
       Punch             |     3 |     4 |     1 ||     8
       Bite              |     3 |    19 |     1 ||    23
 Cast: Beastly Appendage |    23 |    39 |     4 ||    66
       Sticks to Snakes  |     4 |     9 |       ||    13
       Blade Hands       |       |     5 |     6 ||    11
  Use: Scroll            |       |     6 |       ||     6
       Potion            |       |     1 |       ||     1
 Stab: Sleeping          |     4 |     5 |       ||     9
       Distracted        |       |     1 |       ||     1
  Eat: Chunk             |    11 |    15 |     5 ||    31
Armor: Skin              |     2 |    14 |     1 ||    17
Dodge: Dodged            |    91 |   303 |    37 ||   431
